 Dungeon Crawl Stone Soup version 0.27.0-65-ge2af304b15 (webtiles) character file.

Game seed: 14550147120078428882

7 Ishikawa the Magician (level 2, 0/19 HPs)
             Began as a Human Hedge Wizard on Aug 19, 2021.
             Slain by a quokka (2 damage)
             ... on level 1 of the Dungeon.
             The game lasted 00:01:14 (223 turns).

Ishikawa the Magician (Human Hedge Wizard)           Turns: 223, Time: 00:01:15

Health: 0/19       AC:  2    Str: 10    XL:     2   Next: 5%
Magic:  0/6        EV: 12    Int: 14    God:
Gold:   0          SH:  0    Dex: 12    Spells: 6/7 levels left

rFire    . . .     SeeInvis .   a - +0 dagger
rCold    . . .     Faith    .   (no shield)
rNeg     . . .     Spirit   .   b - +0 robe
rPois    .         Reflect  .   c - +0 hat
rElec    .         Harm     .   (no cloak)
rCorr    .         Rampage  .   (no gloves)
Will     .....                  (no boots)
Stlth    ++........             (no amulet)
HPRegen  0.06/turn              (no ring)
MPRegen  0.10/turn              (no ring)

@: no status effects
A: no striking features
a: no special abilities


You were on level 1 of the Dungeon.
You visited 1 branch of the dungeon, and saw 1 of its levels.

Inventory:

Hand Weapons
 a - a +0 dagger (weapon)
Armour
 b - a +0 robe (worn)
 c - a +0 hat (worn)
Scrolls
 d - a scroll of immolation {unknown}
 e - a scroll of identify {unknown}


   Skills:
 + Level 2.0 Dodging
 + Level 2.0 Stealth
 + Level 3.2 Spellcasting
 * Level 1.0 Conjurations
 * Level 1.2 Summonings
 * Level 1.1 Translocations


You had 6 spell levels left.
You knew the following spells:

 Your Spells              Type           Power      Damage    Failure   Level
a - Magic Dart            Conj           20%        1d4       14%         1

Your spell library contained the following spells:

 Spells                   Type           Power      Damage    Failure   Level
 Call Imp                 Summ           5%         N/A       19%         2
 Blink                    Tloc           N/A        N/A       21%         2
 Slow                     Hex            2%         N/A       32%         2
 Conjure Flame            Conj/Fire      3%         6-21      45%         3
 Mephitic Cloud           Conj/Pois/Air  3%         N/A       50%         3


Dungeon Overview and Level Annotations

Branches:
Dungeon (1/15)

Altars:


Message History

Aiming: Magic Dart (safe; 14% risk of failure)
Press: ? - help, Shift-Dir - straight line, f/p - kobold
Aim: a kobold, wielding a +0 short sword (moderately wounded, 100% to hit)
The magic dart hits the kobold but does no damage.
The kobold is moderately wounded.
The kobold misses you.
You closely miss the kobold.
The kobold is moderately wounded.
The kobold closely misses you.
You hit the kobold.
You kill the kobold!
You have reached level 2!
You hit the quokka but do no damage. The quokka bites you.
The quokka barely misses you.
You hit the quokka but do no damage. The quokka misses you.
You barely miss the quokka. The quokka bites you.
Your magical contamination has completely faded away.
You miss the quokka. The quokka bites you.
Casting: Magic Dart (safe; 14% risk of failure)
Confirm with . or Enter, or press ? or * to list all spells.
Aiming: Magic Dart (safe; 14% risk of failure)
Press: ? - help, Shift-Dir - straight line, f - quokka
Aim: a quokka (100% to hit)
The magic dart hits the quokka.
The quokka is heavily wounded.
The quokka bites you.
* * * LOW HITPOINT WARNING * * *
The quokka barely misses you.
Casting: Magic Dart (safe; 14% risk of failure)
Confirm with . or Enter, or press ? or * to list all spells.
Aiming: Magic Dart (safe; 14% risk of failure)
Press: ? - help, Shift-Dir - straight line, f/p - quokka
Aim: a quokka (heavily wounded, 100% to hit)
The magic dart hits the quokka.
The quokka is almost dead.
The quokka barely misses you.
You hit the quokka but do no damage.
The quokka is almost dead.
The quokka bites you.
You die...

#.........#
#.........###
#............
#..........##
#.........#.# #
#..........## #
########............
.
.....>..............
. ##@.....####### #
#r####.###########
#)# #...........#
... #.#########.#
##..# #.# .........
.... ..# #######.#
#..###.# #.# #..#
#.# #.# #..# #.# #.#


You could see a quokka.

Vanquished Creatures
  2 bats (D:1)
  An endoplasm (D:1)
  A kobold (D:1)
  A frilled lizard (D:1)
  A rat (D:1)
6 creatures vanquished.

Notes
Turn   | Place    | Note
-------+----------+-------------------------------------------
     0 | D:1      | Ishikawa the Human Hedge Wizard began the quest for the
                  | Orb.
     0 | D:1      | Reached XP level 1. HP: 13/13 MP: 4/4
     2 | D:1      | Noticed a naga
     2 | D:1      | Noticed a minotaur
     4 | D:1      | Noticed a gargoyle
     4 | D:1      | Noticed a draconian
     6 | D:1      | Noticed an ogre
     6 | D:1      | Noticed a ghoul
     8 | D:1      | Noticed a formicid
     8 | D:1      | Noticed an elf
    10 | D:1      | Noticed a barachi
    10 | D:1      | Noticed a vampire
    12 | D:1      | Noticed a demonspawn
    14 | D:1      | Noticed a palentonga
    14 | D:1      | Noticed a dwarf
    16 | D:1      | Noticed a felid
    16 | D:1      | Noticed a merfolk
    18 | D:1      | Noticed an octopode
    18 | D:1      | Noticed a demigod
    20 | D:1      | Noticed a tengu
    20 | D:1      | Noticed a spriggan
    22 | D:1      | Noticed a djinni
    22 | D:1      | Noticed a human
    26 | D:1      | Noticed a vine stalker
    26 | D:1      | Noticed a troll
   216 | D:1      | Reached XP level 2. HP: 14/19 MP: 1/6
   223 | D:1      | Slain by a quokka

Illustrated notes

Levels and vault maps discovered:
D:1:      kb_arrival_jail, layout_loops_ring

Action                   || total
-------------------------++-------
Melee: Dagger            ||    13
 Cast: Magic Dart        ||    13
Armor: Robe              ||     3
Dodge: Dodged            ||     9
